 Dungeon Crawl Stone Soup version 0.29.1-1-gd02db6906a (webtiles) character file.

Game seed: 3987320621584125392

455 juncz the Chiller (level 7, -8/51 HPs)
             Began as a Gnoll Ice Elementalist on Sept 27, 2022.
             Was an Initiate of Ashenzari.
             Mangled by Duvessa
             ... wielding a +2 short sword of venom
              (9 damage)
             ... on level 4 of the Dungeon.
             The game lasted 00:04:51 (3537 turns).

juncz the Chiller (Gnoll Ice Elementalist)          Turns: 3537, Time: 00:04:52

Health: -8/51      AC: 12    Str:  8    XL:     7   Next: 5%
Magic:  8/15       EV: 13    Int: 16    God:    Ashenzari [......]
Gold:   149        SH:  0    Dex: 12    Spells: 10/17 levels left

rFire   . . .      SeeInvis .   d - +0 dagger
rCold   + . .      Faith    .   (no shield)
rNeg    . . .      Spirit   .   r - +2 robe {rC+}
rPois   .          Reflect  .   (no helmet)
rElec   .          Harm     .   p - +0 cloak
rCorr   .          Rampage  .   (no gloves)
Will    .....                   (no boots)
Stlth   +++.......              (no amulet)
HPRegen 0.17/turn               (no ring)
MPRegen 0.14/turn               (no ring)

@: lethally poisoned (-8 -> -43), ice-armoured, freezing walls
A: fangs 1, strong nose, distributed training
a: Renounce Religion, Curse Item


You were on level 4 of the Dungeon.
You worshipped Ashenzari.
Ashenzari was noncommittal.
You visited 2 branches of the dungeon, and saw 5 of its levels.

You collected 149 gold pieces.

Inventory:

Hand Weapons
 d - a +0 dagger (weapon)
Missiles
 i - 3 atropa-tipped darts
 j - 3 poisoned darts
Armour
 p - a +0 cloak (worn)
 r - a +2 robe of cold resistance (worn)
Scrolls
 a - 3 scrolls of amnesia {unknown}
 e - 5 scrolls of identify {unknown}
 h - 2 scrolls of noise {unknown}
 l - 2 scrolls of enchant armour {unknown}
 m - 2 scrolls of blinking {unknown}
 n - a scroll of poison {unknown}
 o - 4 scrolls of teleportation {unknown}
Potions
 b - a potion of magic
 c - a potion of cancellation {unknown}
 f - 3 potions of curing {unknown}
 g - 2 potions of degeneration {unknown}
 k - a potion of heal wounds {unknown}
 q - 2 potions of resistance {unknown}


   Skills:
 + Level 2.3 Fighting
 + Level 2.3 Short Blades
 + Level 2.3 Long Blades
 + Level 2.3 Axes
 + Level 2.3 Maces & Flails
 + Level 2.3 Polearms
 + Level 2.3 Staves
 + Level 2.3 Ranged Weapons
 + Level 2.3 Throwing
 + Level 2.3 Armour
 + Level 5.1 Dodging
 + Level 4.8 Stealth
 + Level 2.3 Shields
 + Level 2.3 Unarmed Combat
 + Level 5.5 Spellcasting
 + Level 1.9 Conjurations
 + Level 1.9 Hexes
 + Level 1.9 Summonings
 + Level 1.9 Necromancy
 + Level 1.9 Translocations
 + Level 1.9 Transmutations
 + Level 1.9 Fire Magic
 + Level 7.4 Ice Magic
 + Level 1.9 Air Magic
 + Level 1.9 Earth Magic
 + Level 1.9 Poison Magic
 + Level 2.5 Invocations
 + Level 2.3 Evocations


You had 10 spell levels left.
You knew the following spells:

 Your Spells              Type           Power      Damage    Failure   Level
a - Freeze                Ice            100%       1d11      1%          1
b - Frozen Ramparts       Ice            56%        1d9       1%          3
c - Ozocubu's Armour      Ice            28%        N/A       1%          3

Your spell library contained the following spells:

 Spells                   Type           Power      Damage    Failure   Level
 Static Discharge         Conj/Air       10%        3-5/arc   10%         2
 Hailstorm                Conj/Ice       19%        3d6       22%         4
 Dispel Undead            Necr           10%        3d9       54%         4
 Sticky Flame             Conj/Fire      10%        2d3       54%         4


Dungeon Overview and Level Annotations

Branches:
Dungeon (4/15)             Temple (1/1) D:4

Altars:
Ashenzari
Dithmenos
Fedhas
Hepliaklqana
Kikubaaqudgha
Makhleb
Nemelex Xobeh
Okawaru
Ru
Trog
Vehumet
Zin
The Shining One

Annotations:
D:4 1 runed translucent door, Dowan, Duvessa


Innate Abilities, Weirdness & Mutations

You have very sharp teeth.
Your uncanny sense of smell can sniff out nearby items.
Your experience applies equally to all skills.


Message History

There is a stone staircase leading up, spattered with blood here.
Casting: Freeze (safe; 1% risk of failure)
Confirm with . or Enter, or press ? or * to list all spells.
Casting: Frozen Ramparts (safe; 1% risk of failure)
Press: ? - help, Dir - look around, f - activate A stone staircase leading up, spattered with blood.
The walls around you are covered in ice.
You feel extremely sick.
The wall freezes the hobgoblin.
The wall freezes Duvessa.
Duvessa hits you with a +2 short sword of venom!
You are lethally poisoned!
The wall freezes Dowan.
Dowan hits you but does no damage.
You are more poisoned.
Casting: Frozen Ramparts (safe; 1% risk of failure)
Confirm with . or Enter, or press ? or * to list all spells.
A film of ice covers your body!
You feel extremely sick.
The wall freezes Duvessa!
Duvessa hits you with a +2 short sword of venom.
You are more poisoned.
The wall freezes the hobgoblin!
You kill the hobgoblin!
The wall freezes Dowan.
Dowan points at you and mumbles some strange words.
The puff of flame hits you!
* * * LOW HITPOINT WARNING * * *
The heat melts your icy armour.
Unknown command.
Casting: Ozocubu's Armour (safe; 1% risk of failure)
Confirm with . or Enter, or press ? or * to list all spells.
Aiming: Freeze (safe; 1% risk of failure)
Press: ? - help, Shift-Dir - straight line, f - Duvessa
Aim: Duvessa, wielding a +2 short sword of venom and wearing a +0 leather armour (moderately wounded)
You freeze Duvessa.
Duvessa is moderately wounded.
* * * LOW HITPOINT WARNING * * *
You feel extremely sick.
The wall freezes Duvessa.
Duvessa hits you with a +2 short sword of venom!
You die...

####
#...#
#..###.#
#e@e?.#
#..#####
....#
#.####


You could see Duvessa and Dowan.

Vanquished Creatures
  Sigmund (D:3)
  Eustachio (D:4)
  A hound (D:4)
  Terence (D:3)
  An iguana (D:3)
  3 adders (D:2)
  A dart slug (D:2)
  7 endoplasms
  A giant cockroach (D:2)
  4 goblins
  7 hobgoblins
  5 jackals (D:2)
  3 quokkas
  5 ball pythons
  5 bats
  2 frilled lizards
  4 kobolds
  7 rats
59 creatures vanquished.

Notes
Turn   | Place    | Note
-------+----------+-------------------------------------------
     0 | D:1      | juncz the Gnoll Ice Elementalist began the quest for the
                  | Orb.
     0 | D:1      | Reached XP level 1. HP: 13/13 MP: 6/6
   341 | D:1      | Reached XP level 2. HP: 19/19 MP: 7/7
   852 | D:2      | Reached skill level 5 in Spellcasting
   852 | D:2      | Reached XP level 3. HP: 25/25 MP: 1/9
   856 | D:2      | Learned a level 3 spell: Frozen Ramparts
   860 | D:2      | Learned a level 3 spell: Ozocubu's Armour
  1023 | D:2      | You fall into a shaft and drop 2 floors!
  1058 | D:4      | Noticed Eustachio
  1065 | D:4      | Killed Eustachio
  1066 | D:4      | Reached skill level 1 in Fighting
  1066 | D:4      | Reached skill level 1 in Short Blades
  1066 | D:4      | Reached skill level 1 in Long Blades
  1066 | D:4      | Reached skill level 1 in Axes
  1066 | D:4      | Reached skill level 1 in Maces & Flails
  1066 | D:4      | Reached skill level 1 in Polearms
  1066 | D:4      | Reached skill level 1 in Staves
  1066 | D:4      | Reached skill level 1 in Ranged Weapons
  1066 | D:4      | Reached skill level 1 in Throwing
  1066 | D:4      | Reached skill level 1 in Armour
  1066 | D:4      | Reached skill level 1 in Shields
  1066 | D:4      | Reached skill level 1 in Unarmed Combat
  1066 | D:4      | Reached skill level 1 in Conjurations
  1066 | D:4      | Reached skill level 1 in Hexes
  1066 | D:4      | Reached skill level 1 in Summonings
  1066 | D:4      | Reached skill level 1 in Necromancy
  1066 | D:4      | Reached skill level 1 in Translocations
  1066 | D:4      | Reached skill level 1 in Transmutations
  1066 | D:4      | Reached skill level 1 in Fire Magic
  1066 | D:4      | Reached skill level 1 in Air Magic
  1066 | D:4      | Reached skill level 1 in Earth Magic
  1066 | D:4      | Reached skill level 1 in Poison Magic
  1066 | D:4      | Reached skill level 1 in Invocations
  1066 | D:4      | Reached skill level 1 in Evocations
  1066 | D:4      | Reached XP level 4. HP: 15/32 MP: 1/11
  1066 | D:4      | Reached XP level 5. HP: 17/37 MP: 1/12
  1307 | D:4      | Found a staircase to the Ecumenical Temple.
  1316 | Temple   | Entered the Ecumenical Temple
  1438 | Temple   | Became a worshipper of Ashenzari the Shackled
  1485 | D:4      | Found a runed translucent door.
  2089 | D:2      | Reached XP level 6. HP: 44/44 MP: 13/13
  2403 | D:3      | Reached skill level 5 in Dodging
  2496 | D:3      | Found a faded altar of an unknown god.
  2623 | D:3      | Noticed Sigmund
  2635 | D:3      | Killed Sigmund
  3115 | D:3      | Noticed Terence
  3125 | D:3      | Killed Terence
  3126 | D:3      | Reached XP level 7. HP: 51/51 MP: 5/15
  3219 | D:3      | Found a radiant altar of Vehumet.
  3534 | D:4      | Noticed Duvessa
  3534 | D:4      | Noticed Dowan
  3537 | D:4      | HP: 1/51 [poisoned by Duvessa]
  3537 | D:4      | Mangled by Duvessa

Illustrated notes

Levels and vault maps discovered:
D:1:      minmay_arrival_diagonal_passages, layout_basic
D:2:      layout_basic, minmay_misc_feat_plants, chequers_serial_rivers_room_b,
          minmay_fractal_squares_5
D:3:      layout_basic, lemuel_coloured_pillars_altar,
          ebering_ecumenical_altar_rust, grunt_ministairs_12, uniq_sigmund,
          uniq_terence
D:4:      layout_loops_ring, mainiacjoe_overflow_24_doors,
          nicolae_yredelemnul_corpse_copse, cheibrodos_worm_habitat,
          minmay_temple_entry_overgrown, uniq_eustachio, uniq_menkaure,
          uniq_duvessa, uniq_grinder, uniq_crazy_yiuf_cottage
Temple:   nicolae_temple_godzebo

Skill      XL: |  1  2  3  4  5  6 |
---------------+-------------------+-----
Spellcasting   | 5 |  5.5
Fighting       | 1 2 |  2.3
Short Blades   | 1 2 |  2.3
Long Blades    | 1 2 |  2.3
Axes           | 1 2 |  2.3
Maces & Flails | 1 2 |  2.3
Polearms       | 1 2 |  2.3
Staves         | 1 2 |  2.3
Ranged Weapons | 1 2 |  2.3
Throwing       | 1 2 |  2.3
Armour         | 1 2 |  2.3
Shields        | 1 2 |  2.3
Unarmed Combat | 1 2 |  2.3
Conjurations   | 1 |  1.9
Hexes          | 1 |  1.9
Summonings     | 1 |  1.9
Necromancy     | 1 |  1.9
Translocations | 1 |  1.9
Transmutations | 1 |  1.9
Fire Magic     | 1 |  1.9
Air Magic      | 1 |  1.9
Earth Magic    | 1 |  1.9
Poison Magic   | 1 |  1.9
Invocations    | 1 2 |  2.5
Evocations     | 1 2 |  2.3
Dodging        | 5 |  5.1
Stealth        | |  4.8
Ice Magic      | |  7.4

Action                   |  1- 3 |  4- 6 |  7- 9 || total
-------------------------+-------+-------+-------++-------
Melee: Dagger            |     7 |     8 |       ||    15
       Bite              |       |     3 |       ||     3
 Cast: Freeze            |    26 |    32 |     2 ||    60
       Frozen Ramparts   |     1 |     9 |     1 ||    11
       Ozocubu's Armour  |       |     2 |     1 ||     3
 Stab: Sleeping          |     1 |     5 |       ||     6
Armor: Robe              |     2 |     4 |     1 ||     7
Dodge: Dodged            |    16 |    17 |     1 ||    34
